 Dungeon Crawl Stone Soup version 0.17.1-1-g73c8601 (webtiles) character file.

37 Implojin the Ruffian (level 3, 0/36 HPs)
             Began as a Troll Monk on Mar 31, 2016.
             Succumbed to an adder's poison
             ... on level 2 of the Dungeon.
             The game lasted 00:01:53 (372 turns).

Implojin the Ruffian (Troll Monk)                    Turns: 372, Time: 00:01:53

Health: 0/36       AC:  5    Str: 19    XL:     3   Next: 23%
Magic:  2/2        EV: 10    Int:  6    God:
Gold:   41         SH:  0    Dex: 13    Spells: 0 memorised, 2 levels left

rFire  . . .     SeeInvis +       - Unarmed
rCold  . . .     Clarity  .     a - +0 robe
rNeg   . . .     SustAt   .     (no shield)
rPois  .         Gourm    +     (helmet restricted)
rElec  .         Spirit   .     (no cloak)
rCorr  .         Warding  .     (gloves unavailable)
rMut   .         Stasis   .     (boots unavailable)
MR     +....                    (no amulet)
Stlth  +.........               h - ring of protection from magic
                                e - ring of see invisible

@: lethally poisoned (0 -> 0), somewhat resistant to hostile enchantments, very
unstealthy
A: unfitting armour, claws 3, fast metabolism 3, gourmand, regeneration 2,
shaggy fur 1, tough skin 2
a: no special abilities


You were on level 2 of the Dungeon.
You were not hungry.

You visited 1 branch of the dungeon, and saw 3 of its levels.

You collected 41 gold pieces.

Inventory:

Armour
 a - a +0 robe (worn)
Jewellery
 e - a ring of see invisible (left claw)
 f - an uncursed ring of protection from fire
 h - a ring of protection from magic (right claw)
Scrolls
 d - a scroll of identify {unknown}
 g - a scroll of teleportation {unknown}
Potions
 i - a potion of brilliance {unknown}
Comestibles
 b - 3 bread rations
 c - a royal jelly


   Skills:
 - Level 2.4 Fighting
 - Level 2.4 Dodging
 - Level 1.1 Stealth
 * Level 5.1 Unarmed Combat


You had 2 spell levels left.
You didn't know any spells.

Dungeon Overview and Level Annotations

Branches:
Dungeon (3/15)

Altars:
Gozag


Innate Abilities, Weirdness & Mutations

You are too large for most types of armour.
You have claws for hands.
Your metabolism is lightning-fast.
You like to eat raw meat.
You heal very quickly.
You are covered in fur (AC +1).
You have very tough skin (AC +2).


Message History

You feel sick. The gnoll hits you with a whip.
* * * LOW HITPOINT WARNING * * *
The adder bites you but does no damage.
You feel sick. The adder barely misses you.
You feel sick.
You scratch the adder but do no damage. The adder closely misses you.
You barely miss the adder. The adder bites you but does no damage.
You scratch the adder but do no damage. The adder bites you.
* * * LOW HITPOINT WARNING * * *
You miss the adder.
You feel sick. The adder closely misses you.
You barely miss the adder. The adder bites you.
* * * LOW HITPOINT WARNING * * *
You are more poisoned.
The adder poisons you! The adder bites you but does no damage.
You scratch the adder but do no damage. The adder closely misses you.
You miss the adder.
You feel sick. The adder bites you but does no damage.
You scratch the adder.
The adder is severely wounded.
The adder bites you but does no damage.
You barely miss the adder.
The adder is severely wounded.
You feel sick. The adder bites you.
* * * LOW HITPOINT WARNING * * *
You are more poisoned.
The adder poisons you! The adder closely misses you.
You closely miss the adder.
The adder is severely wounded.
The adder barely misses you.
You miss the adder.
The adder is heavily wounded.
You feel sick. The adder bites you.
* * * LOW HITPOINT WARNING * * *
You claw the adder!
You kill the adder!
You feel sick.
You barely miss the gnoll. The gnoll hits you with a whip!
* * * LOW HITPOINT WARNING * * *
You die...

.###..##..#.....#..#
.##................#
......##..###.###..#
....#.##..###.# #..#
###.#.##......# #..#
#.#.....###.# #r##
###.........#.# #g#
..........#...###.#
................@.#
..............#####
.............
.#.##.....#.#
.#.##..#..#.#.
...##..#..#....
.......#..#.#.# ####
#..)...... .... ..#
..#...#..###.####
#.#


You could see a gnoll and a rat.

Vanquished Creatures
  3 adders (D:2)
  An ooze (D:1)
  A giant cockroach (D:2)
  A goblin (D:1)
  A kobold (D:2)
  2 bats (D:2)
  A giant gecko (D:2)
  2 giant newts (D:2)
12 creatures vanquished.

Notes
Turn   | Place    | Note
--------------------------------------------------------------
     0 | D:1      | Implojin the Troll Monk began the quest for the Orb.
     0 | D:1      | Reached XP level 1. HP: 22/22 MP: 0/0
   110 | D:2      | Reached XP level 2. HP: 27/29 MP: 1/1
   147 | D:2      | Found an opulent altar of Gozag.
   323 | D:2      | Reached skill level 5 in Unarmed Combat
   323 | D:2      | Reached XP level 3. HP: 34/36 MP: 2/2
   371 | D:2      | HP: 1/36 [gnoll/whip (8)]
   372 | D:2      | Succumbed to an adder's poison

Action                   || total
-------------------------++-------
Melee: Unarmed           ||    48
 Stab: Sleeping          ||     1
  Eat: Chunk             ||     4

Table legend:
 A = Turns spent in this place as a percentage of turns spent in the entire game.
 B = Non-inter-level travel turns spent in this place as a percentage of non-inter-level travel turns spent in the entire game.
 C = Inter-level travel turns spent in this place as a percentage of turns spent in this place.
 D = Turns resting spent in this place as a percentage of non-inter-level travel turns spent in this place.
 E = Turns spent auto-exploring this place as a percentage of non-inter-level travel turns spent in this place.
 F = Non-inter-level travel turns spent in this place divided by the number of levels of this place that you've seen.
                   A       B       C       D       E      F
               +-------+-------+-------+-------+-------+----------------------
         Total | 100.0 | 100.0 |   0.0 |   0.0 |   0.0 | 120.3
       Dungeon | 100.0 | 100.0 |   0.0 |   0.0 |   0.0 | 120.3
               +-------+-------+-------+-------+-------+----------------------

Table legend:
 A = Kills in this place as a percentage of kills in entire the game.
 B = Kills by you in this place as a percentage of kills by you in the entire game.
 C = Kills by friends in this place as a percentage of kills by friends in the entire game.
 D = Other kills in this place as a percentage of other kills in the entire game.
 E = Experience gained in this place as a percentage of experience gained in the entire game.
 F = Experience gained in this place divided by the number of levels of this place that you have seen.
                   A       B       C       D       E      F
               +-------+-------+-------+-------+-------+----------------------
         Total | 100.0 | 100.0 |  -nan |  -nan | 100.0 |  18.0
       Dungeon | 100.0 | 100.0 |  -nan |  -nan | 100.0 |  18.0
               +-------+-------+-------+-------+-------+----------------------
